[Event "Silver Lake Festival 2022"]
[Site "Veliko Gradiste"]
[Date "2022.06.20"]
[Round "3.5"]
[White "Anuj Shrivatri"]
[Black "Tyurin, Artem"]
[Result "1/2-1/2"]
[ECO "D02"]
[WhiteElo "2356"]
[BlackElo "2174"]
[Annotator "TA"]
[PlyCount "130"]
[EventDate "2022.06.16"]
[EventType "swiss"]
[EventCountry "SRB"]
[SourceTitle "playchess.com"]
[Source "ChessBase"]
[SourceQuality "1"]
[TimeControl "5400+30"]

1. Nf3 d5 2. g3 Nc6 3. d4 Bf5 4. Bg2 Nb4 5. Na3 e6 6. c3 {[%emt 0:11:48] D02: 1 d4 d5 2 Nf3 sidelines, including 2...Nf6 3 g3 and 2...Nf6 3 Bf4.} Nc6 7. Qb3 Rb8 8. O-O Be7 {[%emt 0:00:03] Against Nh4} 9. c4 Nf6 10. cxd5 exd5 ({Don't do} 10... Nxd5 11. Ne5 Ndb4 12. Nxc6 Nxc6 13. Rd1 $16) 11. Nb5 a6 12. Nc3 O-O {[%emt 0:00:07] [#]} 13. Bf4 $146 ({Predecessor:} 13. Bg5 Ne4 14. Bxe7 Nxe7 15. Rac1 c6 16. Qa3 Nd6 17. b3 Re8 18. Na4 Ng6 19. e3 {0-1 (89) Gledura,B (2626)-Martirosyan,H (2613) Chess.com INT 2020}) 13... Na5 14. Qd1 Nc4 15. Ne5 Nb6 16. Qb3 Be6 17. Rac1 Bd6 18. Bg5 Be7 19. Bf4 h6 20. Rfd1 Bd6 21. a4 Ne4 (21... Na8 $11 {remains equal.}) 22. Nxe4 ({Better is} 22. a5 $16 Nxc3 23. Rxc3 (23. Qxc3 Nc8 $11)) 22... dxe4 $11 23. Qc2 Qe8 (23... f5 $11 {keeps the balance.}) 24. a5 $1 $16 ({But not} 24. Bxe4 Qxa4 25. Qxa4 Nxa4 $14) 24... Nd5 25. Bxe4 Qb5 26. Bd3 Qe8 (26... Qb4 $142) 27. Bd2 $1 {[%emt 0:00:42] White is more active.} Nb4 (27... Rc8 $16 {might work better.} 28. Bh7+ Kh8) 28. Bxb4 $18 Bxb4 29. Qxc7 Qd8 30. Qxd8 Rfxd8 31. Bc4 {[%emt 0:00:15] Prevents Rd5.} Bxa5 32. d5 Bc7 33. dxe6 Bxe5 34. exf7+ Kf8 35. b3 b5 (35... Rxd1+ $142 36. Rxd1 b5) 36. Bd5 a5 37. f4 Bf6 38. Rc6 a4 39. bxa4 b4 40. e4 {[%emt 0:01:20] Strongly threatening Rb1.} b3 41. Rb1 b2 42. Kg2 Rb4 43. Rc2 Rxa4 44. Rcxb2 Bxb2 45. Rxb2 Rxd5 (45... Ra5 {was called for.} 46. Ba2 Ra4) 46. exd5 {[%emt 0:00:00][%mdl 4096] Endgame KR-KR} Rd4 47. Rb7 $2 (47. Rb5 $1 $18) 47... Rxd5 $14 48. Kf3 g6 {[%emt 0:02:22] [#]} ({Black should play} 48... Rh5 $14) 49. g4 $1 $16 Ra5 {[%emt 0:00:31] [#]} 50. h4 (50. Rd7 $1 $16) 50... Ra3+ $11 51. Ke4 Ra4+ $1 52. Ke5 {[%emt 0:00:30] And now Rd7 would win.} Ra5+ $1 53. Ke6 {[%emt 0:00:45] Intending Rb8+ and mate.} Ra6+ 54. Kd5 {[%emt 0:00:19] aiming for Rd7.} Ra5+ 55. Kd6 {[%emt 0:01:44] Rd7 is the strong threat.} Ra6+ 56. Kc5 Rf6 57. Rb4 Kxf7 58. Ra4 Re6 {[%emt 0:00:52] The position is equal.} 59. Ra7+ Kf6 60. Kd5 {[%emt 0:00:23] g5+ would kill now.} Rb6 61. Ra5 h5 62. gxh5 gxh5 63. Kc4 Rb1 64. Rxh5 Rf1 65. f5 Ke5 {[%emt 0:02:55] Blacks defense is rewarded with a draw.  Weighted Error Value: White=0.14 (very precise) /Black=0.15 (very precise)} 1/2-1/2

[Event "Silver Lake Festival 2022"]
[Site "Veliko Gradiste"]
[Date "2022.06.20"]
[Round "3.6"]
[White "Sadikhov, Ulvi"]
[Black "Manish Anto Cristiano F"]
[Result "1/2-1/2"]
[ECO "A29"]
[WhiteElo "2491"]
[BlackElo "2071"]
[Annotator "TA"]
[PlyCount "119"]
[EventDate "2022.06.16"]
[EventType "swiss"]
[EventCountry "SRB"]
[SourceTitle "playchess.com"]
[Source "ChessBase"]
[SourceQuality "1"]
[TimeControl "5400+30"]

1. c4 e5 2. Nc3 Nf6 3. g3 d5 4. cxd5 Nxd5 5. Bg2 Nb6 6. Nf3 Nc6 7. O-O Be7 8. b3 O-O 9. Bb2 Be6 10. Rc1 {[%emt 0:02:24][%cal Od2d4] A29: English Opening: Four Knights Variation with 4 g3.} f5 11. d3 Bf6 12. Nd2 {[%emt 0:12:36] White has an edge.} Qd7 13. Nc4 Rab8 14. Nb5 (14. Re1 $11) 14... Nd5 $15 15. Nc3 {[%emt 0:04:16] [#]} Kh8 $146 ({Black should play} 15... Nde7 $15) ({Predecessor:} 15... Nd4 16. e3 Nc6 17. Nxd5 Bxd5 18. e4 Bf7 19. f4 exf4 20. Bxf6 gxf6 21. Rxf4 fxe4 22. Bxe4 {1-0 (68) Jaroch,K (2357)-Jagodzinski,P (2233) Trzcianka 2019}) 16. Nxd5 $14 Bxd5 17. e4 Bxc4 18. dxc4 Nd4 19. Bxd4 exd4 20. Bh3 g6 21. Re1 d3 22. Qd2 Qd4 23. exf5 Bg5 $1 24. Qxg5 d2 {[%emt 0:00:02] [#]} 25. Re7 $1 dxc1=Q+ (25... dxc1=R+ 26. Qxc1) 26. Qxc1 {[%emt 0:00:03] White wants to mate with Qh6.} Rfe8 27. Qe1 Rxe7 28. Qxe7 $11 {[%emt 0:00:04][%mdl 4096] Endgame KQR-KQB} Qd1+ 29. Bf1 {[%emt 0:02:23] And now f6 would win.} Qd6 30. Qe3 {[%emt 0:00:13] Strongly threatening Qc3+.} Rf8 31. fxg6 (31. Qxa7 $6 b6 $11) 31... Qxg6 32. Bd3 (32. Qxa7 $16 Qe4 33. Qa3) 32... Qf6 $14 33. Kg2 (33. Qxa7 $2 b6 34. f4 Qd4+ 35. Kg2 Qxd3 36. Qxc7 Qe2+ 37. Kg1 Qe6 $19) 33... a6 34. h4 c6 35. c5 Rf7 36. f3 Qb2+ 37. Kh3 {[%emt 0:00:30] Hoping for Qe8+.} Qf6 38. Be4 Qe5 39. g4 Qa1 40. Bf5 {[%emt 0:00:37] Threatens to win with Be6.} Qf6 41. h5 Re7 42. Qd3 Re5 $2 {[%emt 0:00:35][%mdl 8192] [#]} (42... h6 $11 {and Black has nothing to worry.}) 43. Qd7 $2 ({And not} 43. Bxh7 Rd5 44. Qe4 Re5 $11) (43. Qd6 $1 $18 Kg7 44. Qxf6+ Kxf6 45. Bxh7) 43... Qe7 (43... Re7 $1 $11 {and Black stays safe.} 44. Qd2 h6) 44. Qd6 $18 Re1 45. Qd4+ (45. Kg3 $18) 45... Qe5 $1 $14 46. Qd8+ Kg7 $1 {[%emt 0:00:06] ( -> ...Rh1+). The position is equal.} 47. Qd7+ Qe7 48. Qd4+ Qe5 $1 49. Qd7+ Qe7 50. Qd6 Qe3 {[%emt 0:01:33] Prevents h6+.} 51. Qd7+ Qe7 (51... Kf6 $5 52. Qd8+ (52. Qxh7 $2 {is a self mate.} Qxf3+ 53. Kh4 Rh1#) 52... Kg7 $11) 52. Qd6 Qe3 {[%emt 0:00:05] Against h6+} 53. Qc7+ Qe7 54. Qf4 Rh1+ 55. Kg2 {[%emt 0:00:03] Qd4+ is the strong threat.} Qe2+ 56. Kxh1 {[%emt 0:00:10] Really sharp!} Qf1+ 57. Kh2 {[%emt 0:00:03] White threatens h6+ and mate.} Qf2+ 58. Kh3 Qf1+ 59. Kh4 {[%emt 0:00:33] h6+ would kill now.} Qh1+ 60. Kg3 {[%emt 0:00:05] Weighted Error Value: White=0.19 (very precise) /Black=0.24 (precise)} 1/2-1/2

[Event "Silver Lake Festival 2022"]
[Site "Veliko Gradiste"]
[Date "2022.06.20"]
[Round "3.7"]
[White "Martic, Ivan"]
[Black "Song, Raymond"]
[Result "0-1"]
[ECO "D39"]
[WhiteElo "2314"]
[BlackElo "2485"]
[Annotator "TA"]
[PlyCount "90"]
[EventDate "2022.06.16"]
[EventType "swiss"]
[EventCountry "SRB"]
[SourceTitle "playchess.com"]
[Source "ChessBase"]
[SourceQuality "1"]
[TimeControl "5400+30"]

1. d4 Nf6 2. c4 e6 3. Nf3 d5 4. Nc3 Bb4 5. Qa4+ Nc6 6. Bg5 dxc4 7. a3 Bxc3+ 8. bxc3 Qd5 {D39: Queen's Gambit Declined: Ragozin Defence with 5 Bg5 dxc4.} 9. Bxf6 gxf6 10. g3 (10. Nd2 $1 $11) 10... Bd7 $15 {[%cal Oc6d4] aiming for ...Nxd4! Black is slightly better.} 11. Qc2 Na5 12. e4 Qc6 13. Nd2 Nb3 14. Rb1 (14. Rd1 $15) 14... Nxd2 $17 {Black is more active.} 15. Kxd2 e5 {[#]} 16. f3 $146 (16. Bg2 $142) ({Predecessor:} 16. Bg2 Qd6 17. Ke2 Qxa3 18. dxe5 Ba4 19. Qc1 Qxc1 20. Rhxc1 Bb3 21. exf6 a5 22. e5 {1-0 (42) Acosta,P (2029)-Williams,J (2200) Bento Goncalves 2010}) 16... b5 17. Ke3 Qd6 18. Be2 (18. a4 $17) 18... h5 (18... Qxa3 $2 19. Rhd1) (18... exd4+ $19 19. cxd4 Qxa3+ 20. Kf2 a5) 19. a4 a6 20. Qb2 (20. Qd2 $17) 20... h4 21. Kf2 (21. g4 $17) 21... exd4 $19 22. cxd4 c5 (22... f5 $1 $19 {Strongly threatening ...fxe4.} 23. e5 Qd5) 23. d5 $17 Qe5 $1 24. Qxe5+ fxe5 25. Ke3 (25. g4 $17) 25... Ke7 $19 26. g4 Kd6 27. g5 (27. Kd2 $17 {was called for.}) 27... b4 (27... c3 $19 {White must now prevent ...b4.} 28. Rbc1 (28. axb5 $2 axb5 29. Rhf1 b4 $19) 28... Rhg8) 28. Bxc4 $15 Bxa4 {And now ...Bb5 would win.} (28... Rhg8 $5 29. Rhg1 Bxa4 $17) 29. f4 Bb5 30. Rbc1 (30. fxe5+ $11 Kxe5 31. Kd3) 30... Bxc4 $2 (30... exf4+ $19 31. Kxf4 Bxc4 32. Rxc4 a5) 31. fxe5+ Kxe5 {...Bb5 is the strong threat.} 32. Rxc4 $19 {[%mdl 4096] Endgame [#] KRR-KRR} b3 $1 {Threatens to win with ...Rhb8.} 33. Kd3 $2 (33. Rf1 $17) 33... a5 {Hoping for ...a4.} 34. Rf1 a4 35. Rf5+ $2 (35. Kc3 a3 36. Kxb3 (36. Rf5+ $2 Kd6 $19)) 35... Kd6 36. Rf6+ {Black is clearly winning.} Kd7 37. Rxf7+ {[#]} Ke8 $1 ({Weaker is} 37... Kd6 38. Rf6+ Kd7 39. Rxc5 $11) 38. Rf1 a3 39. Rxc5 Rf8 40. Rg1 a2 41. Rb5 a1=Q (41... Rf2 $142 42. Rxb3 Rf3+ 43. Kc2 Rxb3) 42. Rxa1 Rxa1 43. Rb8+ Ke7 44. Rb7+ Kd6 {[%emt 0:00:30] ( -> ...Rf3+)} 45. Kd4 Rd1+ {[%emt 0:00:30] Weighted Error Value: White=0.86/Black=0.47} 0-1

[Event "Silver Lake Festival 2022"]
[Site "Veliko Gradiste"]
[Date "2022.06.20"]
[Round "3.8"]
[White "Krstulovic, Alex"]
[Black "Doraszelski, Alexander"]
[Result "1-0"]
[ECO "A47"]
[WhiteElo "2413"]
[BlackElo "1887"]
[Annotator "TA"]
[PlyCount "117"]
[EventDate "2022.06.16"]
[EventType "swiss"]
[EventCountry "SRB"]
[SourceTitle "playchess.com"]
[Source "ChessBase"]
[SourceQuality "1"]
[TimeControl "5400+30"]

1. d4 d5 2. Nf3 e6 3. Nbd2 Nf6 4. e3 Be7 5. Bd3 b6 6. O-O O-O 7. b3 Bb7 8. Bb2 c5 9. Re1 Nc6 {[%emt 0:01:31] A47: 1 d4 Nf6 2 Nf3 b6: Torre, London and Colle Systems.} 10. a3 Nd7 11. c4 Bf6 {[%emt 0:04:24] The position is equal.} 12. Qc2 {[%emt 0:01:36] [#]} h6 $146 ({Predecessor:} 12... g6 13. Rad1 cxd4 14. exd4 Ne7 15. Ne5 Rc8 16. Qb1 Bg7 17. Ndf3 Nf5 18. Nxd7 Qxd7 {1-0 (56) Plat,V (2589)-Divya,D (2322) Budapest 2020}) 13. Rad1 Rc8 14. Qb1 Ba6 (14... Rc7 $11 {keeps the balance.}) 15. Bh7+ $16 Kh8 16. cxd5 exd5 17. Bf5 cxd4 (17... Re8 $14) 18. exd4 (18. Nxd4 $6 Nxd4 19. exd4 (19. Bxd4 Bxd4 20. exd4 g6 $11) 19... g6 $14) (18. e4 $1 $16) 18... Rc7 $14 19. Ne5 Bc8 20. f4 {[%emt 0:01:20] White is much more active.} Ndxe5 (20... Be7 $11) 21. dxe5 $16 Be7 22. Nf3 Bc5+ 23. Kh1 a5 24. Bxc8 Qxc8 25. f5 Re8 26. e6 (26. Rxd5 $6 Ne7 27. Rd3 Nxf5 $11) 26... d4 27. f6 ({White should try} 27. Bxd4 $16 {Bb2 is the strong threat.} Nxd4 28. Nxd4) 27... Rxe6 (27... gxf6 $11 {remains equal.} 28. exf7 Rxf7) 28. Rxe6 Qxe6 29. Re1 (29. b4 $14 {feels stronger.} Qxf6 30. bxc5 bxc5 31. Rc1) 29... Qd7 $11 30. fxg7+ Kxg7 31. Qd3 Qd8 32. Re4 f5 33. Rf4 (33. Nxd4 Nxd4 34. Rxd4 Bxd4 35. Bxd4+ Kg8 36. Qg3+ Kh7 $17) 33... Rf7 34. Nh4 Ne7 $2 (34... Kf8 $11) 35. b4 $1 $18 (35. Bxd4+ $6 Kg8 $16) (35. Nxf5+ Nxf5 36. Rxf5 Qd6 $11) 35... Nd5 36. Nxf5+ (36. Bxd4+ Bxd4 37. Rxd4 (37. Qxd4+ Qf6 $11) 37... Qg5 $16) 36... Kf8 37. Rf1 axb4 {[%emt 0:00:55] [#]} 38. axb4 (38. Bc1 $1 $18 {is the precise move to win.} Ke8 39. Qe4+ (39. Bxh6 Ne3 $16) 39... Ne7 40. Re1 (40. Bxh6 Qd5 $14) (40. axb4 Bxb4 41. Bxh6 Qd5 $18) 40... bxa3 41. Nxh6) 38... Nxb4 $16 39. Qh3 (39. Qe2 $16 {Threatens to win with Bc1.} Qe8 40. Qh5) 39... Qd5 $1 $11 40. Qxh6+ $40 {[%emt 0:00:32][%mdl 128] White has some attack.} Ke8 41. Qg6 {[%emt 0:00:28] Dancing on a razor blade.} Nd3 $2 (41... Kd7 $11) 42. Bxd4 $2 (42. Nh6 Ne5 43. Qg8+ Ke7 44. Qg5+ Ke8 45. Nxf7 Qxf7 46. Qxe5+ Qe7 47. Qd5) 42... Bxd4 $2 {[%emt 0:02:16] [#]} (42... Kd7) 43. Nxd4 $2 (43. Nd6+ $1 $18 Qxd6 44. Qxf7+ Kd8 45. Qg8+ Kc7 46. Qh7+ Kb8 47. Qxd3) 43... Ne5 $16 44. Qg8+ ({And not} 44. Re1 Qxd4 45. Qg8+ Kd7 $19) 44... Ke7 (44... Kd7 $16 45. Rxf7+ Nxf7) 45. Qg5+ $18 Ke8 (45... Kd6 $142 46. Qd8+ Kc5 47. Rc1+ Nc4) 46. Nf3 {[%emt 0:00:27] Strongly threatening Re1.} ({Not} 46. Rxf7 Kxf7 47. Qf4+ Ke8 $16) 46... Qa5 (46... Qe4 47. Rd1 Rxf3) 47. Qg8+ (47. Rc1 $142 {White wants to mate with Rc8+.} Rxf3 48. gxf3) 47... Ke7 48. Qg5+ (48. Rd1 $142 Rxf3 49. Qd8+ Kf7 50. Qc7+ Kf6 51. gxf3) 48... Ke8 $1 49. Rd1 Nd7 50. Qg8+ Nf8 51. Qg3 Re7 52. Qb8+ Kf7 53. Rf1 {[%emt 0:00:09] Nd4+ would kill now.} Kg8 54. h4 $2 (54. Ng1 Kh7 55. Qxf8) 54... Qb5 55. Rd1 Qf5 56. Qxb6 Re2 $2 (56... Re4 57. Rd8 Rf4) 57. Qb3+ {[%emt 0:00:05] White is clearly winning.} Kh8 (57... Qf7 $142 58. Rd5 Ne6 59. Qb8+ Qf8) 58. Qc3+ Kh7 59. Nd4 {[%emt 0:00:18] Weighted Error Value: White=0.74/Black=0.43} (59. Ng5+ $142 Kg6 60. Qh8) 1-0

[Event "Silver Lake Festival 2022"]
[Site "Veliko Gradiste"]
[Date "2022.06.20"]
[Round "3.9"]
[White "Efremov, Vladislav"]
[Black "Tadic, Stefan"]
[Result "1/2-1/2"]
[ECO "E12"]
[WhiteElo "2125"]
[BlackElo "2358"]
[Annotator "RC"]
[PlyCount "59"]
[EventDate "2022.06.16"]
[EventType "swiss"]
[EventCountry "SRB"]
[SourceTitle "playchess.com"]
[Source "ChessBase"]
[SourceQuality "1"]
[TimeControl "5400+30"]

1. d4 Nf6 2. c4 e6 3. Nf3 b6 4. a3 Bb7 5. Nc3 g6 6. d5 Bg7 7. g3 exd5 8. cxd5 O-O 9. Bg2 Re8 10. O-O Na6 11. Nd4 Nc5 12. Bf4 Nce4 13. Ndb5 Nxc3 14. Nxc3 c6 15. Rc1 Rc8 16. dxc6 dxc6 17. Nb5 cxb5 18. Bxb7 Rxc1 19. Bxc1 Qe7 20. Bf3 b4 21. Qa4 bxa3 22. bxa3 Rc8 23. Rd1 Rd8 24. Rxd8+ Qxd8 25. Bg5 Qe7 26. Qc6 h6 27. Bxf6 Bxf6 28. a4 Bd4 29. e3 Bc5 30. Kg2 1/2-1/2

[Event "Silver Lake Festival 2022"]
[Site "Veliko Gradiste"]
[Date "2022.06.20"]
[Round "3.10"]
[White "Govedarica, Radovan"]
[Black "Srdanovic, Jovana"]
[Result "*"]
[ECO "B22"]
[WhiteElo "2289"]
[BlackElo "2127"]
[Annotator "TA"]
[PlyCount "72"]
[EventDate "2022.06.16"]
[EventType "swiss"]
[EventCountry "SRB"]
[SourceTitle "playchess.com"]
[Source "ChessBase"]
[SourceQuality "1"]
[TimeControl "5400+30"]

1. e4 c5 2. Nf3 e6 3. c3 Nf6 4. e5 Nd5 5. d4 cxd4 6. Qxd4 Nc6 7. Qe4 f5 8. exf6 Nxf6 9. Qh4 e5 {[%emt 0:00:32] Hoping for ...d5. B22: Sicilian: 2 c3.} 10. Bg5 d5 11. Nbd2 Be7 {[%emt 0:10:55] Black is better.} 12. Bb5 {[%emt 0:02:27] [#]} Qc7 (12... O-O $1 $17 {White must now prevent ...e4.} 13. O-O-O (13. Bxc6 bxc6 14. O-O Qe8 $17) 13... e4 14. Nxe4 Nxe4 15. Bxc6 Nxg5 16. Bxd5+ Kh8 17. Bxb7 {[#]} Qc7 $1 18. Bxa8 Nxf3) 13. O-O (13. c4 {is interesting.} e4 14. O-O exf3 15. cxd5 fxg2 16. Rfe1) 13... O-O {[%emt 0:02:09] [#]} (13... e4 {looks sharper.} 14. c4 exf3 15. cxd5 fxg2 16. Rfe1 Nxd5 17. Bc4 Be6) 14. Qa4 $146 (14. c4 $1 $11) ({Predecessor:} 14. c4 d4 15. Rfe1 h6 16. Bxf6 Bxf6 17. Qg3 Nb4 18. Nxd4 Qd8 19. Qb3 Qxd4 20. Qxb4 {0-1 (29) Skibbe,D (2054)-Carow,A (2114) Germany 2015}) 14... a6 15. Bxc6 bxc6 16. c4 (16. Bh4 {was called for.}) 16... e4 $19 17. Bxf6 (17. cxd5 {was worth a try.} exf3 18. Qxc6) 17... Bxf6 (17... Rxf6 $2 18. Nd4 $19) 18. Ne1 Bxb2 {[%emt 0:01:03] This bishop pair is nice.} 19. Rb1 Be5 20. g3 Bh3 21. Ng2 Kh8 22. Rbc1 Qb6 23. Rb1 Qc5 {[%emt 0:08:18] aiming for ...Bd4.} 24. Nb3 Qd6 ({Avoid the trap} 24... Qxc4 $2 25. Qxc4 dxc4 26. Nd2 $19) 25. cxd5 cxd5 26. Rbd1 Rad8 27. Nd4 Rc8 {[%emt 0:01:48] Inhibits Qc6.} 28. Rd2 Rc4 29. Qd1 Qf6 30. Nb3 Qf3 31. Nh4 Qf6 {[%emt 0:03:17] Threatens to win with ...e3.} 32. Ng2 Qf3 33. Nh4 Qf6 34. Ng2 Qf3 35. Nh4 Qf6 36. Ng2 Qf3 $2 {[%emt 0:04:58] Weighted Error Value: White=0.29 (precise) /Black=0.93} (36... d4 $19 37. f3 exf3) *

[Event "Silver Lake Festival 2022"]
[Site "Veliko Gradiste"]
[Date "2022.06.20"]
[Round "3.11"]
[White "Mamedov, Edgar"]
[Black "Manakova, Maria"]
[Result "1/2-1/2"]
[ECO "A84"]
[WhiteElo "2004"]
[BlackElo "2278"]
[Annotator "TA"]
[PlyCount "103"]
[EventDate "2022.06.16"]
[EventType "swiss"]
[EventCountry "SRB"]
[SourceTitle "playchess.com"]
[Source "ChessBase"]
[SourceQuality "1"]
[TimeControl "5400+30"]

1. d4 e6 2. c4 f5 3. g3 Nf6 4. Nf3 b6 5. Bg2 Bb7 6. O-O Be7 7. Nc3 Ne4 8. Qc2 {[%emt 0:00:30] 8.Qc2 has become a bit dusty these days. A84: Dutch Defence: 2 c4 Miscellaneous.} Bf6 9. Bf4 (9. Ne5 $5 ) 9... Nxc3 10. Qxc3 d6 11. Rfd1 Qe7 {[%emt 0:00:30] [#]} 12. Qb3 $146 ({Predecessor:} 12. Qa3 g5 13. Nxg5 Bxg2 14. Kxg2 Bxg5 15. Qf3 Bxf4 16. Qxa8 Kd7 17. gxf4 Qg7+ 18. Kh1 {1-0 (51) Skatchkov,P (2491)-Belousov,A (2218) Uljanovsk 2009}) 12... Nd7 13. Rac1 Be4 14. Qa4 O-O 15. Ne1 Bxg2 16. Nxg2 g5 17. Be3 e5 18. dxe5 (18. c5 {is more complex.} f4 19. cxd6 cxd6 20. Bd2) 18... Nxe5 19. b4 c5 20. Rd5 Qe6 21. bxc5 dxc5 ({Don't do} 21... bxc5 22. Qa6 $14) 22. Rcd1 Be7 23. Qc2 Nc6 24. a3 {[%emt 0:00:30] Against Nb4} Rad8 25. Qd2 h6 26. f3 Bf6 27. h4 Ne5 28. Qc2 Nf7 (28... Rfe8 $11) 29. hxg5 (29. g4 $14) 29... hxg5 $11 30. Kf2 Kg7 31. Bc1 Ne5 $2 {[%emt 0:00:30][%mdl 8192] [#]} (31... Rh8 $11) 32. Ne3 $1 $18 Kf7 (32... Rxd5 $2 33. cxd5 Qd7 34. Rh1 (34. Qxf5 Qxf5 35. Nxf5+ Kg6 $16)) 33. Nxf5 {[%emt 0:00:30] And now Bb2 would win.} Rh8 34. Kg2 {[%emt 0:00:30] Against Rh2+} g4 35. f4 Nc6 36. e4 $2 (36. Nd6+ $18 {has better winning chances.} Kg7 37. Bb2) 36... Bd4 $2 (36... Nd4 $16 37. Nxd4 Bxd4) 37. Rxd8 {[%emt 0:00:30] Chess con chili.} Nxd8 38. Rh1 Rxh1 39. Kxh1 Nc6 40. e5 (40. Kg2 $142) 40... Kf8 (40... Ne7 $16 {was worth a try.} 41. Nxd4 cxd4) 41. Nd6 $2 ({Only move:} 41. Be3 $18) 41... Qh6+ $2 ({Black should play} 41... Kg8 $1 $11) 42. Qh2 $16 {[%emt 0:00:30] White is more active.} Qxh2+ 43. Kxh2 {[%emt 0:00:30][%mdl 4096] Endgame KBN-KBN} Na5 (43... Ke7 $16 44. Kg2 Kd7) 44. Bd2 $18 Nb3 45. Ne4 Ke7 46. Kg2 Ke6 47. Kf1 (47. Be1 $16) 47... Bxe5 $1 $11 {[%emt 0:00:30] [#] Hoping for ...Kf5. The position is equal.} 48. Ke2 ({Don't go for} 48. fxe5 $2 Kxe5 49. Nf2 Nxd2+ 50. Ke2 Nxc4 $19) 48... Bb2 49. a4 Kf5 50. Nd6+ Ke6 51. Ne4 Nxd2 52. Kxd2 {[%emt 0:00:00] White really could win this.  Weighted Error Value: White=0.27 (precise) /Black=0.38} 1/2-1/2

[Event "Silver Lake Festival 2022"]
[Site "Veliko Gradiste"]
[Date "2022.06.20"]
[Round "3.12"]
[White "Saurabh Anand"]
[Black "Papaioannou, Dimitrios"]
[Result "0-1"]
[ECO "B45"]
[WhiteElo "2263"]
[BlackElo "2078"]
[Annotator "TA"]
[PlyCount "78"]
[EventDate "2022.06.16"]
[EventType "swiss"]
[EventCountry "SRB"]
[SourceTitle "playchess.com"]
[Source "ChessBase"]
[SourceQuality "1"]
[TimeControl "5400+30"]

1. e4 c5 2. Nf3 e6 3. d4 cxd4 4. Nxd4 Nf6 5. Nc3 Nc6 6. Nxc6 bxc6 7. e5 Nd5 8. Ne4 Qc7 9. f4 Qb6 10. c4 Bb4+ 11. Ke2 Ba6 12. Kf3 f5 13. Nf2 Ne7 14. Be3 Bc5 15. Bxc5 {[%emt 0:06:43] B45: Sicilian Four Knights.} Qxc5 16. Qa4 Bb7 17. Qb3 $132 {[%emt 0:02:41][%mdl 2048] [#] White is fighting back. The position is equal.} O-O-O $146 ({Predecessor:} 17... Qb6 18. c5 Qc7 19. Bc4 g5 20. g3 Rb8 21. Qa3 a5 22. h4 g4+ 23. Kg2 Nd5 {0-1 (47) Ivic,V (2628)-Perunovic,M (2543) Paracin 2022}) 18. Qe3 Qa5 19. c5 (19. Nd3 $11) 19... g5 20. g3 gxf4 21. gxf4 Nd5 {[%emt 0:00:52] Against Qc3} 22. Qd4 Ba6 {[%emt 0:06:19] Black is more active.} 23. Bxa6+ Qxa6 24. a4 (24. Rad1 $142) 24... Qa5 $17 25. Rhb1 {[%emt 0:04:34] [#]} (25. Rhg1 $17) 25... Rdg8 $1 $19 {[%emt 0:04:59] And now ...Qd8 would win.} 26. Rg1 Qd8 27. Rg3 Qh4 {[%emt 0:01:17] Chess con chili.} 28. Rag1 $2 (28. Rh3 $17 Qe7 29. Nd3) 28... Qh5+ 29. Kg2 Rxg3+ 30. hxg3 Rg8 $2 (30... Qe2 31. Kh2 Ne3) 31. Kf1 Qf3 {[%emt 0:05:08] White must now prevent ...Ne3+.} 32. Qd3 Ne3+ 33. Ke1 Ng2+ ({Weaker is} 33... Rxg3 34. Rxg3 Qxg3 35. Ke2 Qxf4 36. Qxe3 Qxa4 37. Nd3 $11) 34. Kf1 {[%emt 0:00:27] [#]} Qxd3+ ({Not} 34... Ne3+ $2 35. Ke1 $19) 35. Nxd3 Rxg3 36. Ne1 $2 (36. Rxg2 Rxd3 37. Rg8+ Kc7 38. Kf2) 36... Ne3+ {[%emt 0:00:29] Black is clearly winning.} 37. Kf2 Rxg1 38. Kxg1 Kb7 39. Kf2 (39. Nd3 $142 Nd5 40. Kg2) 39... Nd1+ {[%emt 0:00:26] White got outplayed after the opening.  Weighted Error Value: White=0.64/Black=0.28 (precise)} 0-1

[Event "Silver Lake Festival 2022"]
[Site "Veliko Gradiste"]
[Date "2022.06.21"]
[Round "4.1"]
[White "Zanan, Evgeny"]
[Black "Strikovic, Aleksa"]
[Result "1/2-1/2"]
[ECO "C41"]
[WhiteElo "2534"]
[BlackElo "2502"]
[Annotator "TA"]
[PlyCount "69"]
[EventDate "2022.06.16"]
[EventType "swiss"]
[EventCountry "SRB"]
[SourceTitle "playchess.com"]
[Source "ChessBase"]
[SourceQuality "1"]
[TimeControl "5400+30"]

1. e4 d6 2. d4 Nf6 3. Nc3 e5 4. Nf3 Nbd7 5. Bc4 Be7 6. O-O O-O 7. a4 c6 8. h3 a5 9. Re1 Nb6 $1 {[%emt 0:00:20] 9...Nb6 is better than 9...exd4. C41: Philidor Defence.} 10. Bf1 ({But not} 10. dxe5 Nxc4 11. exf6 Bxf6 $11) 10... exd4 11. Nxd4 d5 12. e5 Ne8 13. Nce2 g6 14. Bh6 Ng7 $1 15. Nf4 Bg5 16. Bxg5 Qxg5 {[%emt 0:00:03] [#]} 17. g3 $146 ({Predecessor:} 17. Qc1 Qe7 18. Qe3 Qc7 19. b3 Be6 20. Nf3 Rad8 21. Rac1 Rfe8 22. g4 Nd7 23. c4 dxc4 24. bxc4 {0-1 (36) Ortiz,M (2288)-Vorobjev,A (2102) LSS email 2018}) 17... Re8 18. h4 Qd8 19. h5 g5 20. Nd3 (20. h6 $5 gxf4 21. hxg7 $14) 20... h6 21. Qf3 g4 22. Qf6 Nf5 23. Qxd8 Rxd8 24. c3 Ng7 25. Nf4 Re8 26. Bd3 Bd7 27. Nb3 Bf5 28. Nc5 Bxd3 (28... Bc8 {feels hotter.} 29. b4 Nd7 30. e6 fxe6 31. Ncxe6 Nxe6 32. Nxe6 Ne5) 29. Ncxd3 Re7 {[%emt 0:01:40] The position is equal.} 30. b3 Nd7 31. Re2 Rae8 32. Rae1 Ne6 33. Nxe6 Rxe6 34. Kf1 Kg7 35. c4 {[%emt 0:08:16] Weighted Error Value: White=0.06 (flawless) /Black=0.06 (flawless)} 1/2-1/2